 Dungeon Crawl Stone Soup version 0.20.1-1-g8b1a95d (webtiles) character file.

535 shitimlost the Reanimator (level 7, -5/61 HPs)
             Began as a Deep Dwarf Necromancer on Sept 27, 2017.
             Slain by a gnoll
             ... wielding a cursed -1 flail
              (6 damage)
             ... on level 3 of the Dungeon.
             The game lasted 00:28:54 (7128 turns).

shitimlost the Reanimator (Deep Dwarf Necromancer)  Turns: 7128, Time: 00:28:56

Health: -5/61      AC:  4    Str: 12    XL:     7   Next: 4%
Magic:  0/9        EV: 12    Int: 17    God:
Gold:   194        SH:  0    Dex: 13    Spells: 5/9 levels left

rFire    . . .     SeeInvis .   i - +3 hand axe
rCold    . . .     Gourm    .   (no shield)
rNeg     . . .     Faith    .   a - +0 robe
rPois    .         Spirit   .   (no helmet)
rElec    .         Reflect  .   (no cloak)
rCorr    .         Harm     .   f - +1 pair of gloves
MR       +....                  (no boots)
Stlth    +++.......             (no amulet)
Regen    0.0/turn               h - ring of stealth
MPRegen  0.2/turn               (no ring)

@: non-regenerating
A: damage resistance, heal wounds, sense surroundings 1, no regeneration
a: Heal Wounds


You were on level 3 of the Dungeon.
You were not hungry.

You visited 1 branch of the dungeon, and saw 3 of its levels.

You collected 194 gold pieces.

Inventory:

Hand Weapons
 e - a +0 dagger
 g - a +0 whip
 i - a +3 hand axe (weapon)
 k - a +0 blowgun
 o - a +2 mace of crushing
Missiles
 c - 60 sling bullets
 m - 8 tomahawks (quivered)
 n - 6 curare-tipped needles
Armour
 a - a +0 robe (worn)
 f - a +1 pair of gloves (worn)
 s - a +0 ring mail
Jewellery
 h - a ring of stealth (left hand)
Wands
 q - a wand of paralysis (7/24)
Scrolls
 d - 2 scrolls of remove curse
 p - 3 scrolls of immolation
Books
 b - a book of Necromancy

   Spells                             Type                      Level
   a - Pain                           Necromancy                   1
   b - Animate Skeleton               Necromancy                   1
   c - Vampiric Draining              Necromancy                   3
   d - Regeneration                   Charms/Necromancy            3
   e - Animate Dead                   Necromancy                   4
   f - Control Undead                 Necromancy                   4
Comestibles
 j - 5 bread rations
 l - 4 royal jellies
 t - a meat ration


   Skills:
 * Level 2.4 Fighting
 * Level 0.2(1.0) Axes
 - Level 1.5 Maces & Flails
 - Level 0.1 Throwing
 - Level 2.2 Dodging
 + Level 3.5 Stealth
 - Level 1.7 Spellcasting
 + Level 8.1 Necromancy


You had 5 spell levels left.
You knew the following spells:

 Your Spells              Type           Power        Failure   Level  Hunger
a - Pain                  Necr           ####         1%          1    #......
b - Vampiric Draining     Necr           ####......   2%          3    ###....


Dungeon Overview and Level Annotations

Branches:
Dungeon (3/15)

Altars:
Kikubaaqudgha
Qazlal
Sif Muna


Innate Abilities, Weirdness & Mutations

You are resistant to damage.
You can heal yourself by infusing magical energy.
You passively map a small area around you.
You do not regenerate.


Message History

Casting: Pain
Confirm with . or Enter, or press ? or * to list all spells.
Okay, then.
Casting: Pain
Confirm with . or Enter, or press ? or * to list all spells.
Aiming: Pain
Press: ? - help, Shift-Dir - straight line, f/p - big kobold
Aim: a big kobold, wielding a short sword (moderately wounded, chance to defeat MR: 84%)
The big kobold barely resists.
The big kobold hits you with a short sword!
* * * LOW HITPOINT WARNING * * *
The big kobold barely misses you. The gnoll barely misses you.
The big kobold closely misses you.
You barely miss the big kobold.
The big kobold is lightly wounded.
You hit the big kobold. You hit the gnoll. You hit the big kobold.
The big kobold barely misses you.
The big kobold hits you but does no damage.
The big kobold barely misses you. The gnoll hits you with a flail!
You die...

.≈≈≈≈≈≈≈≈≈≈≈≈≈≈≈≈≈≈≈≈≈≈≈#####≈≈≈≈
######################### #≈≈≈≈
.#.......#......... ..K# #≈≈≈≈
.#...)...'..(...... ,.K.#, $ ≈
.#########......... ...##'#
..#..........###### ......# ≈
..'..........# ..K...#
..#..........########....K.#
.#########.....K@KKK....#*'
)#....)..(.().)KKg..g...#
.#....)).#....[.K.......# ≈
#########################, , ≈ ≈
≈≈ ≈ ≈ ≈≈ ≈≈ ≈ * * ≈ ≈ ≈≈≈ ≈ ≈≈≈≈
* ≈ ≈ ≈* * **** *


You could see 3 big kobolds, a gnoll, a hobgoblin and 4 kobolds.

Vanquished Creatures
  Sigmund (D:3)
  2 big kobolds (D:3)
  A water moccasin skeleton (D:3)
  4 adders
  3 oozes
  A worm (D:2)
  3 dart slugs
  2 leopard geckos
  9 orcs (D:3)
  2 giant cockroaches
  9 goblins
  12 hobgoblins
  10 jackals
  2 quokkas
  11 bats
  3 frilled lizards
  45 kobolds
  11 rats
131 creatures vanquished.

Vanquished Creatures (others)
  A kobold (D:3)
1 creature vanquished.

Grand Total: 132 creatures vanquished

Notes
Turn   | Place    | Note
-------+----------+-------------------------------------------
     0 | D:1      | shitimlost the Deep Dwarf Necromancer began the quest for the Orb.
     0 | D:1      | Reached XP level 1. HP: 15/15 MP: 3/3
   553 | D:1      | Reached XP level 2. HP: 5/22 MP: 2/4
  1166 | D:1      | Reached skill level 5 in Necromancy
  1315 | D:1      | Reached XP level 3. HP: 5/30 MP: 0/5
  1366 | D:1      | Learned a level 3 spell: Vampiric Draining
  2896 | D:2      | Reached XP level 4. HP: 37/37 MP: 3/6
  2940 | D:2      | Found an ancient bone altar of Kikubaaqudgha.
  2941 | D:2      | Found a deep blue altar of Sif Muna.
  2951 | D:2      | Reached skill level 1 in Fighting
  3644 | D:2      | Reached skill level 6 in Necromancy
  5117 | D:3      | Reached XP level 5. HP: 38/44 MP: 0/7
  5445 | D:3      | Noticed Sigmund
  5525 | D:2      | Reached skill level 7 in Necromancy
  5885 | D:3      | Found a stormy altar of Qazlal.
  5962 | D:3      | Reached XP level 6. HP: 21/52 MP: 8/8
  6287 | D:3      | Killed Sigmund
  6295 | D:3      | Reached skill level 8 in Necromancy
  6897 | D:3      | Reached skill level 1 in Maces & Flails
  6897 | D:3      | Reached XP level 7. HP: 20/61 MP: 3/9
  7127 | D:3      | HP: 1/61 [big kobold/short sword (6)]
  7128 | D:3      | Slain by a gnoll

Skill      XL: |  1  2  3  4  5  6 |
---------------+-------------------+-----
Necromancy     | 5 6 7 8 |  8.1
Fighting       | 1 2 |  2.4
Stealth        | 3 |  3.5
Maces & Flails | 1 |  1.5
Axes           | |  0.2
Throwing       | |  0.1
Dodging        | |  2.2
Spellcasting   | |  1.7

Action                   |  1- 3 |  4- 6 |  7- 9 || total
-------------------------+-------+-------+-------++-------
Melee: Dagger            |    49 |   109 |       ||   158
       Unarmed           |     5 |       |       ||     5
       Mace              |       |    33 |     6 ||    39
       Hand axe          |       |       |    12 ||    12
 Fire: Blowgun           |       |     6 |       ||     6
Throw: Tomahawk          |       |     4 |       ||     4
 Cast: Pain              |    40 |    82 |     3 ||   125
       Vampiric Draining |    13 |    20 |     4 ||    37
  Use: Scroll            |     4 |     2 |       ||     6
       Potion            |     2 |       |       ||     2
 Stab: Sleeping          |     1 |     1 |       ||     2
  Eat: Bread ration      |     1 |       |       ||     1
       Meat ration       |     1 |     3 |       ||     4
       Chunk             |       |     2 |       ||     2
Armor: Robe              |    28 |    70 |     8 ||   106
Dodge: Dodged            |    77 |   166 |    25 ||   268
